AoeStats
← bernardmurphy5

Scandinavia

510699600Analyzed
1v1 RM · 2d ago on Oct 2, 2026· 26m 28s· 2 players
Game mode
Random Map
Map size
Tiny (2 player)
Population
200
Speed
Normal
Resources
Standard
Victory
Conquest
Starting age
Dark Age
Ending age
Imperial Age
RankedLock teamsTeams togetherTeam positionsShared explorationLock speedFull tech treeHidden civsTurbo modeCheats
Victory
Defeat
🇦🇺 Mongols · Australia
1001
+37
🇹🇼 Teutons · Taiwan
953
-41
charles
10:19 Feudal Age
11:18 Double-Bit Axe
12:13 Wheelbarrow
11:26 Horse Collar
13:15 Wheelbarrow
16:34 Loom
17:31 Arson
20:16 Town Watch
21:14 Gold Mining
24:11 Castle Age
23:03 Scale Mail Armor
25:44 Gambesons
26:01 Squires
26:31 Hand Cart
bernardmurphy5
9:45 Feudal Age
11:50 Loom
14:13 Castle Age
12:34 Double-Bit Axe
15:51 Bow Saw
19:24 Fletching
21:32 Town Watch
22:20 Bodkin Arrow
23:20 Wheelbarrow
23:27 Ballistics
25:08 Bloodlines
26:11 Padded Archer Armor
Connection lost

Rejoining the realm…

Still unreachable

The connection could not be restored.

Session expired

The server has moved on; the page needs a fresh start.